 Dungeon Crawl Stone Soup version 0.31-a0-1591-g515db51633 (webtiles) character file.

Game seed: 7435306998750539514

3 Conn the Firebug (level 1, -2/11 HPs)
             Began as an Octopode Fire Elementalist on Jan 6, 2024.
             Frozen to death by an endoplasm (4 damage)
             ... on level 1 of the Dungeon.
             The game lasted 00:00:12 (89 turns).

Conn the Firebug (Octopode Fire Elementalist)         Turns: 89, Time: 00:00:13

Health: -2/11      AC:  1    Str:  7    XL:     1   Next: 50%
Magic:  0/3        EV: 13    Int: 17    God:
Gold:   0          SH:  0    Dex: 12    Spells: 3/4 levels left

rFire   . . .        (no weapon)
rCold   . . .        (no shield)
rNeg    . . .        (helmet restricted)
rPois   .            (no amulet)
rElec   .            (no ring)
rCorr   .            (no ring)
SInv    .            (no ring)
Will    .....        (no ring)
Stlth   +++          (no ring)
HPRegen 0.21/turn    (no ring)
MPRegen 0.08/turn    (no ring)
                     (no ring)

%: no passive effects
@: no status effects
A: almost no armour, amphibious, 8 rings, camouflage 1, gelatinous body 1,
(nimble swimmer 1), tentacles
a: no special abilities


You were on level 1 of the Dungeon.
You visited 1 branch of the dungeon, and saw 1 of its levels.

Inventory:

Scrolls
 b - a scroll of summoning {unknown}
Potions
 a - a potion of magic


   Skills:
 + Level 2.0 Dodging
 + Level 2.8 Stealth
 + Level 2.0 Spellcasting
 + Level 1.1 Conjurations
 + Level 3.0 Fire Magic


You had 3 spell levels left.
You knew the following spells:

 Your Spells              Type           Power      Damage    Failure   Level
a - Foxfire               Conj/Fire      32%        2x1d5     9%          1

Your spell library contained the following spells:

 Spells                   Type           Power      Damage    Failure   Level
 Scorch                   Fire           24%        2d6       9%          2
 Inner Flame              Hex/Fire       6%         N/A       30%         3
 Volatile Blastmotes      Fire/Tloc      12%        2d11      30%         3
 Flame Wave               Conj/Fire      8%         2d5       63%         4


Dungeon Overview and Level Annotations

Branches:
Dungeon (1/15)

Altars:


Innate Abilities, Weirdness & Mutations

You cannot wear most types of armour.
You are amphibious.
You can wear up to eight rings at the same time.
Your skin changes colour to match your surroundings (Stealth+).
Your rubbery body absorbs attacks. (AC +1, EV +1)
((You are camouflaged when in or above water. (Stealth+)))
You have tentacles for arms and can constrict up to eight enemies at once.


Message History

The foxfire hits the kobold but does no damage.
The foxfire hits the kobold.
The kobold is severely wounded.
Unknown command.
Casting: Foxfire (safe; 9% risk of failure)
Confirm with . or Enter, or press ? or * to list all spells.
You conjure some foxfire!
The foxfire hits the kobold but does no damage.
The kobold is severely wounded.
The foxfire hits the endoplasm.
The endoplasm is heavily wounded.
The foxfire hits the dart slug.
The dart slug is heavily wounded.
The kobold misses you.
Unknown command.
The kobold hits you with a +0 short sword.
You tentacle-slap the kobold but do no damage.
Your grab misses the kobold.
The kobold is heavily wounded.
You closely miss the kobold. Your grab misses the kobold.
You squeeze the kobold.
You kill the kobold!
You tentacle-slap the endoplasm but do no damage.
Your squeeze misses the endoplasm. The endoplasm hits you.
You tentacle-slap the endoplasm.
The endoplasm is moderately wounded.
The endoplasm completely misses you.
You tentacle-slap the endoplasm.
The endoplasm is heavily wounded.
The endoplasm hits you but does no damage.
You tentacle-slap the endoplasm but do no damage.
The endoplasm is heavily wounded.
The endoplasm hits you.
* * * LOW HITPOINT WARNING * * *
You tentacle-slap the endoplasm but do no damage.
You squeeze the endoplasm.
The endoplasm is severely wounded.
The endoplasm freezes you.
You are frozen.
You die...

##### #..#####
#...###.....†.
#####.#...........
#...)...###...#...
#.#########...#...
#.# #........ #.#
##...##.. #.#
##..##.. #@#
#...... ####J#
#.##### #.?.w# #+#
#.....# #.......
#.....$.#
#........
##........
##......#


You could see a dart slug and an endoplasm.

Vanquished Creatures
  A hobgoblin (D:1)
  A kobold (D:1)
  A goblin (D:1)
3 creatures vanquished.

Vanquished Creatures (others)
  8 foxfires (D:1)
8 creatures vanquished.

Grand Total: 11 creatures vanquished

Notes
Turn   | Place    | Note
-------+----------+-------------------------------------------
     0 | D:1      | Conn the Octopode Fire Elementalist began the quest for the
                  | Orb.
     0 | D:1      | Reached XP level 1. HP: 11/11 MP: 3/3
    89 | D:1      | Frozen to death by an endoplasm

Illustrated notes

Levels and vault maps discovered:
D:1:      amcnicky_arrival_underground_garden, layout_loops_corners,
          ebering_ecumenical_altar_hall, reono_crystal_passage

Action                     || total
---------------------------++-------
  Melee: Unarmed           ||    11
         Tentacles         ||     2
         Constrict         ||     1
   Cast: Foxfire           ||     5
   Stab: Sleeping          ||     1
 Armour: Skin              ||     7
  Dodge: Dodged            ||     4

Table legend: (Time is in decaauts)
 A = Elapsed time spent in this place.
 B = Non-inter-level travel time spent in this place.
 C = Inter-level travel time spent in this place.
 D = Time resting spent in this place.
 E = Time spent auto-exploring this place.
 F = Levels seen in this place.
 G = Mean time per level.
                   A        B        C        D        E       F      G
               +--------+--------+--------+--------+--------+-----+--------+
         Total |     89 |     89 |      0 |      0 |     50 |   1 |   89.0 |
       Dungeon |     89 |     89 |      0 |      0 |     50 |   1 |   89.0 |
               +--------+--------+--------+--------+--------+-----+--------+

Top non-repeatable levels by time:
     D:1: 89 daAuts
